 Dungeon Crawl Stone Soup version 0.27.1-33-g824d729ab1 (webtiles) character file.

Game seed: 5669679890071047081

547 Grabarz the Conjurer (level 7, -2/50 HPs)
             Began as a Green Draconian Conjurer on Dec 8, 2021.
             Slain by a two-headed ogre (8 damage)
             ... on level 5 of the Dungeon.
             The game lasted 00:45:00 (6033 turns).

Grabarz the Conjurer (Green Draconian Conjurer)     Turns: 6033, Time: 00:45:00

Health: -2/50      AC:  9    Str:  9    XL:     7   Next: 7%
Magic:  6/14       EV: 12    Int: 20    God:
Gold:   171        SH:  0    Dex: 10    Spells: 12/15 levels left

rFire    . . .     SeeInvis .   (no weapon)
rCold    . . .     Faith    .   (no shield)
rNeg     . . .     Spirit   .   (armour unavailable)
rPois    +         Reflect  .   (helmet restricted)
rElec    .         Harm     .   b - +0 cloak
rCorr    .         Rampage  .   m - +0 pair of gloves
Will     +....                  d - +0 pair of boots
Stlth    ++........             (no amulet)
HPRegen  0.16/turn              j - ring of flight
MPRegen  0.14/turn              (no ring)

@: flying
A: breathe noxious fumes, AC +6, unfitting armour, poison resistance,
cold-blooded, claws 1, strong-willed 1, evolution 1
a: Breathe Noxious Fumes


You were on level 5 of the Dungeon.
You visited 1 branch of the dungeon, and saw 5 of its levels.

You collected 171 gold pieces.

Inventory:

Armour
 b - a +0 cloak (worn)
 d - a +0 pair of boots (worn)
 m - a +0 pair of gloves (worn)
Jewellery
 j - a ring of flight (left hand)
Scrolls
 c - 2 scrolls of holy word
Potions
 a - 2 potions of curing


   Skills:
 + Level 3.4 Dodging
 - Level 1.7 Stealth
 * Level 4.7 Spellcasting
 * Level 6.2 Conjurations


You had 12 spell levels left.
You knew the following spells:

 Your Spells              Type           Power      Damage    Failure   Level
a - Magic Dart            Conj           100%       1d8       1%          1
b - Searing Ray           Conj           58%        3d5       1%          2

Your spell library contained the following spells:

 Spells                   Type           Power      Damage    Failure   Level
 Dazzling Flash           Conj/Hex       34%        N/A       10%         3
 Passwall                 Tmut/Erth      3%         N/A       19%         2
 Fulminant Prism          Conj/Hex       8%         3d7       32%         4
 Iskenderun's Mystic Bla  Conj/Tloc      17%        2d5       32%         4
 Swiftness                Air            4%         N/A       34%         3
 Invisibility             Hex            2%         N/A       100%        6


Dungeon Overview and Level Annotations

Branches:
Dungeon (5/15)
 Temple: D:4-7

Altars:
Wu Jian


Innate Abilities, Weirdness & Mutations

You can breathe blasts of noxious fumes.
Your lurid green scales are hard. (AC +6)
You cannot fit into any form of body armour.
Your system is resistant to poisons. (rPois)
You are cold-blooded and may be slowed by cold attacks.
You have sharp fingernails.
You are strong-willed. (Will+)
You evolve.


Message History

Casting: Searing Ray (safe; 1% risk of failure)
Confirm with . or Enter, or press ? or * to list all spells.
You can't see any susceptible monsters within range! (Use Z to cast anyway.)
Aiming: Magic Dart (safe; 1% risk of failure)
Press: ? - help, Q - select action, (/) - cycle Shift-Dir - straight line, f - two-headed ogre
Aim: a two-headed ogre, wielding a +0 dire flail and a +0 giant spiked club (100% to hit)
The magic dart hits the two-headed ogre.
The two-headed ogre is lightly wounded.
Casting: Magic Dart (safe; 1% risk of failure)
Confirm with . or Enter, or press ? or * to list all spells.
Aiming: Searing Ray (safe; 1% risk of failure)
Press: ? - help, Shift-Dir - straight line, f/p - two-headed ogre
Aim: a two-headed ogre, wielding a +0 dire flail and a +0 giant spiked club (lightly wounded, 90% to hit)
The searing ray hits the two-headed ogre!
The two-headed ogre is moderately wounded. (Press . to maintain the ray.)
The searing ray hits the two-headed ogre!
The two-headed ogre is heavily wounded.
The searing ray hits the two-headed ogre.
The two-headed ogre is heavily wounded.
The searing ray hits the two-headed ogre!
The two-headed ogre is severely wounded.
You finish channeling your searing ray.
The two-headed ogre barely misses you.
The two-headed ogre hits you with a +0 giant spiked club!
Casting: Searing Ray (safe; 1% risk of failure)
Confirm with . or Enter, or press ? or * to list all spells.
Aiming: Searing Ray (safe; 1% risk of failure)
Press: ? - help, Shift-Dir - straight line, f/p - two-headed ogre
Aim: a two-headed ogre, wielding a +0 dire flail and a +0 giant spiked club (severely wounded, 90% to hit)
The searing ray hits the two-headed ogre!
The two-headed ogre is severely wounded. (Press . to maintain the ray.)
The two-headed ogre hits you with a +0 dire flail!
The two-headed ogre barely misses you.
The searing ray hits the two-headed ogre!
The two-headed ogre is almost dead.
The two-headed ogre hits you with a +0 dire flail!!
* * * LOW HITPOINT WARNING * * *
The two-headed ogre hits you with a +0 giant spiked club!
You die...

#### ## ... ..##
######### ####.###....
#@O.....[ ......#...##
#......... .<..........
...........
...##.....#########.####
............ .#
###...#..## #
........####
......>..... #.......#
.....####### ###.......#


You could see a two-headed ogre.

Vanquished Creatures
  An ogre (D:4)
  A jelly (D:4)
  3 hounds (D:4)
  Crazy Yiuf (D:3)
  A gnoll shaman (D:3)
  2 iguanas
  Robin (D:3)
  6 gnolls (D:4)
  6 adders
  An adder skeleton (D:4)
  2 worms
  6 dart slugs
  6 ball pythons
  2 bats (D:1)
  5 endoplasms (D:1)
  4 giant cockroaches
  16 goblins
  11 hobgoblins
  6 jackals
  7 kobolds
  4 quokkas
  2 frilled lizards (D:1)
  7 rats
101 creatures vanquished.

Notes
Turn   | Place    | Note
-------+----------+-------------------------------------------
     0 | D:1      | Grabarz the Draconian Conjurer began the quest for the Orb.
     0 | D:1      | Reached XP level 1. HP: 14/14 MP: 3/3
   245 | D:1      | Reached XP level 2. HP: 11/20 MP: 0/5
   554 | D:1      | Learned a level 2 spell: Searing Ray
  1069 | D:1      | Reached XP level 3. HP: 26/26 MP: 2/6
  1520 | D:1      | Found a faded altar of an unknown god.
  2361 | D:2      | Reached XP level 4. HP: 33/33 MP: 2/8
  2569 | D:2      | You fall into a shaft and drop 2 floors!
  2611 | D:3      | Noticed Robin
  2789 | D:3      | Killed Robin
  3502 | D:3      | Reached skill level 5 in Conjurations
  3502 | D:3      | Reached XP level 5. HP: 38/38 MP: 1/10
  3670 | D:3      | Found a runed translucent door.
  3671 | D:3      | Noticed Crazy Yiuf
  3781 | D:3      | Killed Crazy Yiuf
  4387 | D:4      | Noticed an ogre
  4394 | D:4      | Killed an ogre
  4459 | D:4      | Reached XP level 6. HP: 45/45 MP: 5/12
  5238 | D:4      | Reached skill level 6 in Conjurations
  5403 | D:4      | Your scales start taking on a lurid green colour.
  5403 | D:4      | Reached XP level 7. HP: 50/50 MP: 8/14
  5403 | D:4      | Gained mutation: Your system is resistant to poisons.
                  | (rPois) [Green Draconian growth]
  5687 | D:4      | Found an ornate altar of the Wu Jian Council.
  5923 | D:4      | Gained mutation: You evolve. [potion of mutation]
  5923 | D:4      | Gained mutation: You have sharp fingernails. [potion of
                  | mutation]
  5923 | D:4      | Gained mutation: You are strong-willed. (Will+) [potion of
                  | mutation]
  5938 | D:5      | Entered Level 5 of the Dungeon
  6026 | D:5      | Noticed a two-headed ogre
  6033 | D:5      | Slain by a two-headed ogre

Illustrated notes

Levels and vault maps discovered:
D:1:      scummos_arrival_star, layout_basic,
          hellmonk_ecumenical_altar_dog_temple, minmay_heptomino_d4
D:2:      layout_rooms
D:3:      layout_rooms, uniq_robin, uniq_crazy_yiuf_cottage
D:4:      layout_gridville, lemuel_round_altar, cheibrodos_gnoll_hut
D:5:      layout_rooms, grunt_decor_cap, minmay_quadrilaterals, uniq_duvessa

Skill      XL: |  1  2  3  4  5  6 |
---------------+-------------------+-----
Dodging        | 2 3 |  3.4
Spellcasting   | 3 4 |  4.7
Conjurations   | 5 6 |  6.2
Stealth        | |  1.7

Action                   |  1- 3 |  4- 6 |  7- 9 || total
-------------------------+-------+-------+-------++-------
 Cast: Magic Dart        |    61 |    72 |     1 ||   134
       Searing Ray       |    25 |    33 |     7 ||    65
  Use: Scroll            |     3 |     1 |     4 ||     8
       Potion            |       |       |     5 ||     5
Armor: Skin              |    16 |    19 |       ||    35
Dodge: Dodged            |    20 |    20 |     5 ||    45
